Classic Wrebbs (johnson) & Plammx

Match 32487405
End
Panzergrenadier Squad
Panzergrenadier Squad
Construct Light Support Kompanie
2.5-tonne Medical Truck
Selects Italian Infantry
Fire Support Elements
le.IG 18 Mechanized Group
Pak 38 Anti-tank Gun Team
Selects Guastatori Squad
Guastatori Squad
Construct Panzerarmee Kommand
Panzer III L Medium Tank
Panzer III L Medium Tank
Foehamm0r
Der Schmürgl0r
[82AD] ulT1Mate
Jimmy
LeeInfy
PlammX
Looking For Jimmy
JohnsonGiver
0
0

Comments sign in to comment!

No comments posted yet!